 Dungeon Crawl Stone Soup version 0.29-a0-872-g797fff5ad1 (webtiles) character file.

Game seed: 14636651212054923234

176 jimonade the Shooter (level 5, -1/32 HPs)
             Began as a Kobold Hunter on July 18, 2022.
             Slain by Crazy Yiuf
             ... wielding a +4 quarterstaff of chaos
              (7 damage)
             ... on level 4 of the Dungeon.
             The game lasted 00:04:28 (2622 turns).

jimonade the Shooter (Kobold Hunter)                Turns: 2622, Time: 00:04:29

Health: -1/32      AC:  3    Str:  9    XL:     5   Next: 86%
Magic:  16/16      EV: 15    Int: 10    God:
Gold:   236        SH:  0    Dex: 20    Spells: 7/7 levels left

rFire   . . .      SeeInvis .   b - +1 dagger (venom)
rCold   . . .      Faith    .   (no shield)
rNeg    . . .      Spirit   .   c - +0 leather armour
rPois   .          Reflect  .   (no helmet)
rElec   .          Harm     .   (no cloak)
rCorr   .          Rampage  .   (no gloves)
Will    .....                   (no boots)
Stlth   +++.......              s - amulet of regeneration
HPRegen 0.90/turn               r - ring of magical power
MPRegen 0.15/turn               (no ring)

@: invisible
A: small, no large weapons, nightstalker 3
a: no special abilities


You were on level 4 of the Dungeon.
You visited 1 branch of the dungeon, and saw 4 of its levels.

You collected 236 gold pieces.

Inventory:

Hand Weapons
 a - a +0 shortbow
 b - a +1 dagger of venom (weapon)
 f - a +0 dagger
 g - a +1 dagger of freezing
Armour
 c - a +0 leather armour (worn)
 t - a +0 chain mail of cold resistance
Jewellery
 r - a ring of magical power (left hand)
 s - an amulet of regeneration (around neck)
Wands
 o - a wand of iceblast (7)
Scrolls
 e - 2 scrolls of enchant armour {unknown}
 i - a scroll of blinking {unknown}
 j - 3 scrolls of identify {unknown}
 k - 2 scrolls of brand weapon {unknown}
 l - 4 scrolls of teleportation {unknown}
 q - a scroll of fog {unknown}
 u - a scroll of enchant weapon {unknown}
 v - a scroll of amnesia {unknown}
 w - a scroll of immolation
 x - a scroll of vulnerability {unknown}
Potions
 d - 3 potions of degeneration {unknown}
 h - 2 potions of brilliance {unknown}
 m - a potion of curing
 n - a potion of cancellation {unknown}
 p - a potion of mutation {unknown}


   Skills:
 * Level 3.2 Fighting
 + Level 7.3 Ranged Weapons
 + Level 1.0 Armour
 + Level 2.6 Dodging
 + Level 1.4 Stealth
 * Level 1.9 Spellcasting


You had 7 spell levels left.
You didn't know any spells.
Your spell library was empty.

Dungeon Overview and Level Annotations

Branches:
Dungeon (4/15)
 Temple: D:4-7

Altars:

Annotations:
D:4 Crazy Yiuf


Innate Abilities, Weirdness & Mutations

You are small and have problems with some larger weapons.
You are completely attuned to the shadows.


Message History

Crazy Yiuf laughs, "Defame sing-song spinner!"
Crazy Yiuf misses you.
You hit Crazy Yiuf but do no damage.
Crazy Yiuf is lightly wounded.
Crazy Yiuf drinks a potion.
Crazy Yiuf is healed!
Crazy Yiuf looks more healthy.
You hit Crazy Yiuf.
Crazy Yiuf is lightly wounded.
Crazy Yiuf hits you with a +4 quarterstaff of chaos!
You closely miss Crazy Yiuf.
Crazy Yiuf is lightly wounded.
Crazy Yiuf hits you with a +4 quarterstaff of chaos!
Ouch! That really hurt!
* * * LOW HITPOINT WARNING * * *
Crazy Yiuf burns you.
* * * LOW HITPOINT WARNING * * *
You hit Crazy Yiuf but do no damage.
Crazy Yiuf is lightly wounded.
Crazy Yiuf barely misses you.
You closely miss Crazy Yiuf.
Crazy Yiuf is lightly wounded.
Crazy Yiuf hits you with a +4 quarterstaff of chaos.
* * * LOW HITPOINT WARNING * * *
You fade into invisibility!
You hit Crazy Yiuf.
Crazy Yiuf is lightly wounded.
Crazy Yiuf hits you with a +4 quarterstaff of chaos.
* * * LOW HITPOINT WARNING * * *
Crazy Yiuf burns you.
* * * LOW HITPOINT WARNING * * *
You hit Crazy Yiuf but do no damage.
Crazy Yiuf is lightly wounded.
Crazy Yiuf barely misses you.
You closely miss Crazy Yiuf.
Crazy Yiuf is lightly wounded.
Crazy Yiuf closely misses you.
You barely miss Crazy Yiuf.
Crazy Yiuf is lightly wounded.
Crazy Yiuf hits you with a +4 quarterstaff of chaos!
You die...

... ...###♣♣ #####
......+.♣♣ ♣♣#..)#
.........♣♣♣♣.'...#
.......♣.♣..♣#.@g#
###.#.+..♣.♣♣♣#####
.....##♣♣♣♣♣ .....#
....### ##
......#....
....#.##.#
.........####
.##.#........


You could see Crazy Yiuf (unable to see you).

Vanquished Creatures
  2 hounds
  An orc wizard (D:3)
  2 adders
  4 orcs
  2 bats
  5 endoplasms
  11 goblins
  13 hobgoblins
  8 kobolds
  3 quokkas (D:1)
  3 ball pythons
  5 frilled lizards
  7 rats
66 creatures vanquished.

Vanquished Creatures (others)
  A fungus (D:1)
1 creature vanquished.

Grand Total: 67 creatures vanquished

Notes
Turn   | Place    | Note
-------+----------+-------------------------------------------
     0 | D:1      | jimonade the Kobold Hunter began the quest for the Orb.
     0 | D:1      | Reached XP level 1. HP: 12/12 MP: 1/1
   233 | D:1      | Reached XP level 2. HP: 17/17 MP: 2/2
   480 | D:1      | Reached skill level 1 in Spellcasting
   600 | D:1      | Reached XP level 3. HP: 21/21 MP: 4/4
   653 | D:1      | Reached skill level 6 in Ranged Weapons
  2005 | D:3      | Reached XP level 4. HP: 27/27 MP: 5/5
  2209 | D:3      | Reached XP level 5. HP: 28/31 MP: 7/7
  2313 | D:3      | Reached skill level 7 in Ranged Weapons
  2597 | D:4      | Reached skill level 1 in Armour
  2604 | D:4      | Found a runed translucent door.
  2607 | D:4      | Noticed Crazy Yiuf
  2622 | D:4      | Slain by Crazy Yiuf

Illustrated notes

Levels and vault maps discovered:
D:1:      spicycebolla_arrival_ecumenical, layout_basic,
          dreamdust_mushroom_princess, minmay_cut_off
D:2:      layout_basic
D:3:      cheibrodos_greedy_goblins, layout_basic
D:4:      kennysheep_big_flooded_room, layout_basic,
          amethyst_overflow_temple_binary, serial_shops,
          nicolae_shop_statue_plus, minmay_misc_feat_rows,
          uniq_crazy_yiuf_cottage

Skill      XL: |  1  2  3  4  5 |
---------------+----------------+-----
Spellcasting   | 1 |  1.9
Ranged Weapons | 6 7 |  7.3
Fighting       | 3 |  3.2
Armour         | 1 |  1.0
Dodging        | |  2.6
Stealth        | |  1.4

Action                   |  1- 3 |  4- 6 || total
-------------------------+-------+-------++-------
Melee: Dagger            |       |    15 ||    15
 Fire: Shortbow          |    85 |    68 ||   153
Armor: Leather armour    |     5 |     7 ||    12
Dodge: Dodged            |    25 |    41 ||    66

Table legend: (Time is in decaauts)
 A = Elapsed time spent in this place.
 B = Non-inter-level travel time spent in this place.
 C = Inter-level travel time spent in this place.
 D = Time resting spent in this place.
 E = Time spent auto-exploring this place.
 F = Levels seen in this place.
 G = Mean time per level.
                   A        B        C        D        E       F      G
               +--------+--------+--------+--------+--------+-----+--------+
         Total |   2655 |   2625 |     30 |      0 |   2248 |   4 |  663.8 |
       Dungeon |   2655 |   2625 |     30 |      0 |   2248 |   4 |  663.8 |
               +--------+--------+--------+--------+--------+-----+--------+

Top non-repeatable levels by time:
     D:1: 1052 daAuts
     D:2: 894 daAuts
     D:3: 650 daAuts
     D:4: 57 daAuts
